 Dungeon Crawl Stone Soup version 0.22-a0-407-gb098539 (webtiles) character file.

133 Ijustatesigmund the Sneak (level 4, 0/23 HPs)
             Began as a Spriggan Assassin on May 9, 2018.
             Succumbed to a worker ant's poison
             ... on level 3 of the Dungeon.
             The game lasted 00:05:43 (2566 turns).

Ijustatesigmund the Sneak (Spriggan Assassin)       Turns: 2566, Time: 00:05:44

Health: 0/23       AC:  3    Str:  7    XL:     4   Next: 93%
Magic:  5/5        EV: 20    Int: 12    God:
Gold:   253        SH:  0    Dex: 18    Spells: 3/3 levels left

rFire    . . .     SeeInvis +   a - +2 dagger
rCold    . . .     Gourm    .   (shield restricted)
rNeg     . . .     Faith    .   c - +0 robe
rPois    .         Spirit   .   (helmet restricted)
rElec    .         Reflect  .   d - +0 cloak
rCorr    .         Harm     .   (gloves unavailable)
MR       .....                  (boots unavailable)
Stlth    +++.......             (no amulet)
HPRegen  0.07/turn              (no ring)
MPRegen  0.09/turn              (no ring)

@: lethally poisoned (0 -> -13), very quick
A: very small, unfitting armour, see invisible, herbivore, speed 3, slow
metabolism 2
a: no special abilities


You were on level 3 of the Dungeon.
You were not hungry.

You visited 1 branch of the dungeon, and saw 4 of its levels.

You collected 253 gold pieces.

Inventory:

Hand Weapons
 a - a +2 dagger (weapon)
 b - a +0 blowgun
Missiles
 e - 32 poisoned needles
 f - 2 curare-tipped needles
 h - 6 needles of sleeping
Armour
 c - a +0 robe (worn)
 d - a +0 cloak (worn)
Wands
 p - a wand of polymorph (6)
Scrolls
 q - a scroll of fear
Potions
 i - a potion of ambrosia
 j - a potion of brilliance
 k - a potion of agility
 l - a potion of curing
 m - a potion of degeneration {unknown}
 n - 2 potions of resistance {unknown}
 o - 2 potions of haste {unknown}
Comestibles
 g - 4 rations


   Skills:
 + Level 1.7 Fighting
 + Level 4.6 Short Blades
 - Level 2.0 Throwing
 - Level 4.3 Dodging
 - Level 5.8 Stealth


You had 3 spell levels left.
You didn't know any spells.

Dungeon Overview and Level Annotations

Branches:
Dungeon (4/15)
 Temple: D:4-7

Altars:
Kikubaaqudgha

Annotations:
D:3 azzavlup's ghost, amateur DrSk


Innate Abilities, Weirdness & Mutations

You are very small and have problems with some larger weapons.
You are too small for most types of armour.
You have supernaturally acute eyesight. (SInv)
You are a herbivore.
You cover ground extremely quickly.
You need to consume almost no food.


Message History

You hit the worker ant but do no damage.
The worker ant is almost dead.
The worker ant bites you.
You are too injured to fight recklessly!
You hit the worker ant but do no damage.
The worker ant is almost dead.
You feel sick. The worker ant misses you.
You hit the worker ant.
The worker ant is almost dead.
The worker ant bites you but does no damage.
You hit the worker ant but do no damage.
The worker ant is almost dead.
You feel sick. The worker ant barely misses you.
You hit the worker ant but do no damage.
The worker ant is almost dead.
The worker ant bites you!
* * * LOW HITPOINT WARNING * * *
You are more poisoned.
The worker ant poisons you!
You die...

...[.....#..... # ##
#######..##..... #.#.
........###.....
#.#.#########..##.....
#....## #...#...(.
##.....## #..#.#..##
#.......######..##...#
#.................#..##
#.....@.#########.#..##
##..a..## #.#..#.
##...## #.#.... ##.##
#.#>##. #. # #.#.### #.
####.##.#.... #.
#....#..##### #.
#......... #.
###.######


You could see a worker ant.

Vanquished Creatures
  5 adders
  3 worms
  3 dart slugs
  2 leopard geckos
  2 orcs
  2 bat zombies (D:3)
  2 giant cockroaches
  8 goblins
  6 hobgoblins
  3 jackals
  8 kobolds
  16 bats
  4 frilled lizards
  4 rats
  3 rat zombies (D:3)
71 creatures vanquished.

Notes
Turn   | Place    | Note
-------+----------+-------------------------------------------
     0 | D:1      | Ijustatesigmund the Spriggan Assassin began the quest for the Orb.
     0 | D:1      | Reached XP level 1. HP: 10/10 MP: 2/2
   124 | D:1      | Reached XP level 2. HP: 14/14 MP: 3/3
   540 | D:1      | Reached XP level 3. HP: 16/18 MP: 4/4
   786 | D:3      | Noticed a centaur
  1355 | D:2      | Reached XP level 4. HP: 22/22 MP: 5/5
  1717 | D:3      | Noticed azzavlup's ghost (amateur DrSk)
  2431 | D:3      | Found an ancient bone altar of Kikubaaqudgha.
  2565 | D:3      | HP: 1/23 [worker ant (8)]
  2566 | D:3      | Succumbed to a worker ant's poison

Vault maps used:
D:1:      lightli_arrival_quake
D:2:      first_ration, minmay_misc_feat_secret_circle, minmay_pentomino_s4
D:3:      lemuel_zombie_altar_kikubaaqudgha, gammafunk_temple_overflow_pools,
          chequers_ecumenical_altar_twisty
D:4:      temple_fountains, grunt_decor_one_mirror, minmay_door_square,
          serial_bayou_pond_e, uniq_natasha

Skill      XL: |  1  2  3  4 |
---------------+-------------+-----
Dodging        | 2 3 4 |  4.3
Short Blades   | 3 4 |  4.6
Fighting       | |  1.7
Throwing       | |  2.0
Stealth        | |  5.8

Action                   |  1- 3 |  4- 6 || total
-------------------------+-------+-------++-------
Melee: Dagger            |   124 |   140 ||   264
  Use: Scroll            |     8 |     3 ||    11
 Stab: Sleeping          |     8 |     5 ||    13
       Distracted        |     2 |       ||     2
Armor: Robe              |    12 |     8 ||    20
       Skin              |       |    19 ||    19
Dodge: Dodged            |   117 |    95 ||   212

Table legend:
 A = Spawn XP
 B = Non-spawn XP
 C = Spawn XP percentage of total XP
 D = Spawn monster count
 E = Non-spawn monster count
 F = Spawn count percentage of total count
 G = Total turns spent on level
                    A         B        C        D         E        F      G
               +---------+---------+-------+---------+---------+-------+---------
         Total |       0 |     190 |   0.0 |       0 |      71 |   0.0 |  2566
               +---------+---------+-------+---------+---------+-------+---------
           D:1 |       0 |      41 |   0.0 |       0 |      23 |   0.0 |   614
           D:2 |       0 |      77 |   0.0 |       0 |      20 |   0.0 |   850
           D:3 |       0 |      58 |   0.0 |       0 |      27 |   0.0 |  1097
           D:4 |       0 |      14 |   0.0 |       0 |       1 |   0.0 |     5
               +---------+---------+-------+---------+---------+-------+---------
